AoeStats
← lillebror

Arabia

510379420Analyzed
1v1 RM · 17h ago on Sep 30, 2026· 35m 52s· 2 players
Game mode
Random Map
Map size
Tiny (2 player)
Population
200
Speed
Normal
Resources
Standard
Victory
Conquest
Starting age
Dark Age
Ending age
Imperial Age
RankedLock teamsTeams togetherTeam positionsShared explorationLock speedFull tech treeHidden civsTurbo modeCheats
Victory
Defeat
🇩🇰 Mongols · Denmark
1079
+15
🇷🇺 Franks · Russia
1066
-15
ViZard
6:25 Loom
9:34 Feudal Age
10:02 Double-Bit Axe
16:20 Forging
18:05 Scale Barding Armor
23:53 Castle Age
22:54 Gold Mining
23:56 Light Cavalry
24:54 Bow Saw
25:40 Chain Barding Armor
25:58 Husbandry
27:11 Scale Mail Armor
26:34 Pikeman
30:07 Gold Shaft Mining
30:21 Chain Mail Armor
30:35 Squires
33:42 Iron Casting
35:13 Stone Mining
lillebror
6:50 Loom
8:47 Feudal Age
9:48 Double-Bit Axe
10:16 Horse Collar
14:10 Forging
20:59 Horse Collar
23:53 Castle Age
22:02 Gold Mining
25:14 Scale Barding Armor
25:45 Iron Casting
25:36 Bloodlines
26:05 Bow Saw
27:45 Wheelbarrow
27:23 Husbandry
30:19 Chain Barding Armor
30:30 Heavy Plow
32:33 Hand Cart
36:07 Gold Shaft Mining
35:23 Stone Mining
Connection lost

Rejoining the realm…

Still unreachable

The connection could not be restored.

Session expired

The server has moved on; the page needs a fresh start.